 Dungeon Crawl Stone Soup version 0.29-a0-542-g075992c915 (webtiles) character file.

Game seed: 2790908535813206939

484 quokkamancerX the Bolt Thrower (level 7, -16/50 HPs)
             Began as a Human Hunter on June 4, 2022.
             Demolished by an ogre
             ... wielding a +0 giant spiked club
              (35 damage)
             ... on level 4 of the Dungeon.
             The game lasted 00:10:51 (4421 turns).

quokkamancerX the Bolt Thrower (Human Hunter)       Turns: 4421, Time: 00:10:52

Health: -16/50     AC:  7    Str: 11    XL:     7   Next: 35%
Magic:  7/7        EV: 11    Int: 10    God:
Gold:   159        SH:  0    Dex: 18    Spells: 6/6 levels left

rFire   . . .      SeeInvis .   b - +2 dagger (elec)
rCold   . . .      Faith    .   (no shield)
rNeg    . . .      Spirit   .   w - +0 ring mail {rPois}
rPois   +          Reflect  .   p - +0 helmet
rElec   .          Harm     .   (no cloak)
rCorr   .          Rampage  .   j - +0 pair of gloves
Will    .....                   (no boots)
Stlth   ++........              n - amulet of the acrobat
HPRegen 0.16/turn               (no ring)
MPRegen 0.10/turn               (no ring)

@: no status effects
A: no striking features
a: no special abilities


You were on level 4 of the Dungeon.
You visited 1 branch of the dungeon, and saw 4 of its levels.

You collected 159 gold pieces.

Inventory:

Hand Weapons
 a - a +1 hand crossbow
 b - a +2 dagger of electrocution (weapon)
Armour
 j - a +0 pair of gloves (worn)
 p - a +0 helmet (worn)
 w - a +0 ring mail of poison resistance (worn)
Jewellery
 k - an amulet of faith
 n - an amulet of the acrobat (around neck)
 t - an amulet of regeneration
 y - a ring of willpower
 z - an amulet of reflection
Wands
 o - a wand of flame (6)
 A - a wand of digging (4)
Scrolls
 c - 2 scrolls of immolation
 f - a scroll of fear {unknown}
 g - a scroll of torment {unknown}
 i - 2 scrolls of teleportation {unknown}
 l - a scroll of magic mapping
 v - 2 scrolls of poison
 B - a scroll of noise {unknown}
 C - a scroll of identify {unknown}
Potions
 d - 2 potions of brilliance {unknown}
 e - 3 potions of might {unknown}
 h - a potion of haste {unknown}
 m - 2 potions of curing {unknown}
 q - a potion of ambrosia {unknown}
 r - a potion of berserk rage {unknown}
 s - a potion of lignification {unknown}
 u - a potion of attraction {unknown}
 x - a potion of invisibility {unknown}


   Skills:
 - Level 2.0 Fighting
 + Level 6.9 Crossbows
 - Level 2.0 Dodging
 - Level 5.0 Stealth


You had 6 spell levels left.
You didn't know any spells.
Your spell library contained the following spells:

 Spells                   Type           Power      Damage    Failure   Level
 Freeze                   Ice            0%         1d3       67%         1
 Frozen Ramparts          Ice            0%         1d2       95%         3
 Hailstorm                Conj/Ice       0%         3d3       100%        4


Dungeon Overview and Level Annotations

Branches:
Dungeon (4/15)
 Temple: D:4-7

Altars:
Cheibriados


Message History

HP restored.
Items here: ))) [.
There is a stone staircase leading down here.
You climb downwards.
There is a stone staircase leading up here.
You climb upwards.
There is a stone staircase leading down here.
Items here: ))) [.
There is a stone staircase leading down, spattered with blood here.
You climb downwards.
There is a stone staircase leading up, spattered with blood here.
You shoot a bolt. The bolt closely misses the ogre.
You shoot a bolt. The bolt hits the ogre.
The ogre is lightly wounded.
You climb upwards.
There is a stone staircase leading down, spattered with blood here.
Items here: ))) [.
There is a stone staircase leading down here.
You climb downwards.
There is a stone staircase leading up here.
You shoot a bolt. The bolt barely misses the ogre.
You shoot a bolt. The bolt barely misses the ogre.
You hear the crackle of electricity.
b - a +2 dagger of electrocution (weapon)
You hit the ogre.
The ogre is moderately wounded.
The ogre closely misses you.
You completely miss the ogre.
The ogre is moderately wounded.
The ogre hits you with a +0 giant spiked club!!
You hit the ogre. Lightning courses through the ogre!
The ogre is severely wounded.
You hit the ogre but do no damage.
The ogre is severely wounded.
The ogre hits you with a +0 giant spiked club!
You hit the ogre.
The ogre is severely wounded.
The ogre hits you with a +0 giant spiked club!!
Ouch! That really hurt!
You die...

## ##.###..........###
....###.......# #......#
#......###..####.#.##.#
#####.##.....<......#.#######
#.##.....[..............###
#.##.#).........#.###......
#.....[.##.#.####.# #.#.##.
####.##...O.......# #.#.##.
#.#)####@###.#### #.#..#.
##..####.# #.# #.##.#.
#.......# #.# #.##.#.
##.###### ... #...... #.# ...
####.## #.# ..... #.# #.##
..... #.# #..# #.....# ###.#
##.# #...#


You could see an ogre.

Vanquished Creatures
  Edmund (D:4)
  A hound (D:3)
  Jessica (D:2)
  Ijyb (D:4)
  Natasha (thrice) (D:2)
  2 iguanas
  Robin (D:2)
  5 adders
  A white imp (D:4)
  An ufetubus (D:4)
  3 worms
  4 orcs (D:3)
  8 ball pythons
  3 endoplasms
  A giant cockroach (D:2)
  8 goblins
  9 hobgoblins
  9 jackals
  7 kobolds
  2 quokkas
  5 bats
  2 frilled lizards
  9 rats
87 creatures vanquished.

Vanquished Creatures (others)
  5 fungi (D:2)
  5 plants (D:2)
10 creatures vanquished.

Grand Total: 97 creatures vanquished

Notes
Turn   | Place    | Note
-------+----------+-------------------------------------------
     0 | D:1      | quokkamancerX the Human Hunter began the quest for the Orb.
     0 | D:1      | Reached XP level 1. HP: 16/16 MP: 1/1
    71 | D:1      | Reached XP level 2. HP: 22/22 MP: 2/2
   237 | D:1      | Reached XP level 3. HP: 27/27 MP: 3/3
   908 | D:2      | Noticed Natasha
   912 | D:2      | Killed Natasha
   913 | D:2      | Reached XP level 4. HP: 33/33 MP: 4/4
  1098 | D:2      | Noticed Robin
  1151 | D:2      | Killed Robin
  1152 | D:2      | Reached skill level 5 in Crossbows
  1350 | D:2      | You fall into a shaft and drop 1 floor!
  1468 | D:3      | Reached XP level 5. HP: 38/38 MP: 5/5
  1898 | D:2      | Noticed Jessica
  1903 | D:2      | Killed Jessica
  2143 | D:2      | Noticed Natasha
  2151 | D:2      | Killed Natasha
  2418 | D:2      | Found a faded altar of an unknown god.
  2476 | D:2      | Noticed Natasha
  2478 | D:2      | Killed Natasha
  2479 | D:2      | Reached XP level 6. HP: 44/44 MP: 6/6
  2613 | D:3      | Found a snail-covered altar of Cheibriados.
  3433 | D:4      | Noticed Ijyb
  3444 | D:4      | Killed Ijyb
  3450 | D:4      | Reached skill level 6 in Crossbows
  3626 | D:4      | Reached skill level 5 in Stealth
  3675 | D:4      | Noticed Edmund
  3759 | D:3      | Reached XP level 7. HP: 33/50 MP: 7/7
  3915 | D:4      | Killed Edmund
  4061 | D:4      | HP: 2/50 [ogre/+0 giant spiked club (24)]
  4421 | D:4      | Demolished by an ogre

Illustrated notes

Levels and vault maps discovered:
D:1:      dpeg_arrival_windows_large_door, layout_basic
D:2:      layout_basic, dreamdust_ecumenical_altar_hidden_monk_grotto,
          uniq_natasha, uniq_jessica, uniq_robin
D:3:      layout_loops_ring, slow_altar_1
D:4:      layout_loops_cross, uniq_edmund, uniq_ijyb

Skill      XL: |  1  2  3  4  5  6 |
---------------+-------------------+-----
Stealth        | 2 3 4 5 |  5.0
Crossbows      | 5 6 |  6.9
Fighting       | |  2.0
Dodging        | |  2.0

Action                   |  1- 3 |  4- 6 |  7- 9 || total
-------------------------+-------+-------+-------++-------
Melee: Long sword        |       |     5 |       ||     5
       Dagger            |       |    10 |    14 ||    24
 Fire: Hand crossbow     |    57 |   159 |    10 ||   226
  Use: Scroll            |       |     2 |       ||     2
Armor: Leather armour    |     6 |     1 |       ||     7
       Ring mail         |       |    37 |       ||    37
Dodge: Dodged            |    10 |   121 |     6 ||   137

Table legend: (Time is in decaauts)
 A = Elapsed time spent in this place.
 B = Non-inter-level travel time spent in this place.
 C = Inter-level travel time spent in this place.
 D = Time resting spent in this place.
 E = Time spent auto-exploring this place.
 F = Levels seen in this place.
 G = Mean time per level.
                   A        B        C        D        E       F      G
               +--------+--------+--------+--------+--------+-----+--------+
         Total |   4520 |   4180 |    340 |   1076 |   2133 |   4 | 1130.0 |
       Dungeon |   4520 |   4180 |    340 |   1076 |   2133 |   4 | 1130.0 |
               +--------+--------+--------+--------+--------+-----+--------+

Top non-repeatable levels by time:
     D:2: 1744 daAuts
     D:3: 1335 daAuts
     D:1: 767 daAuts
     D:4: 673 daAuts
